 Dungeon Crawl Stone Soup version 0.22.1-2-g9c5b331 (webtiles) character file.

95 diana the Slasher (level 4, 0/34 HPs)
             Began as a Demonspawn Gladiator on Nov 18, 2018.
             Slain by a gnoll (7 damage)
             ... on level 3 of the Dungeon.
             The game lasted 00:03:00 (2267 turns).

diana the Slasher (Demonspawn Gladiator)            Turns: 2267, Time: 00:03:01

Health: 0/34       AC:  4    Str: 14    XL:     4   Next: 39%
Magic:  4/4        EV: 13    Int: 10    God:
Gold:   69         SH:  0    Dex: 15    Spells: 3/3 levels left

rFire    . . .     SeeInvis .   a - +0 long sword
rCold    . . .     Gourm    .   (no shield)
rNeg     . . .     Faith    .   b - +0 leather armour
rPois    .         Spirit   .   c - +0 helmet
rElec    .         Reflect  .   (no cloak)
rCorr    +         Harm     .   (no gloves)
MR       .....                  (no boots)
Stlth    +.........             (no amulet)
HPRegen  0.11/turn              (no ring)
MPRegen  0.09/turn              p - ring of resist corrosion

@: no status effects
A: demonic guardian 1
a: no special abilities


You were on level 3 of the Dungeon.
You were very hungry.

You visited 1 branch of the dungeon, and saw 3 of its levels.

You collected 69 gold pieces.

Inventory:

Hand Weapons
 a - a +0 long sword (weapon)
Missiles
 d - 3 throwing nets (quivered)
Armour
 b - a +0 leather armour (worn)
 c - a +0 helmet (worn)
Jewellery
 p - a ring of resist corrosion (right hand)
Scrolls
 k - a scroll of teleportation
 m - a scroll of remove curse
Potions
 h - a potion of agility {unknown}
 i - a potion of magic {unknown}
 n - 2 potions of heal wounds {unknown}
Comestibles
 f - 5 rations


   Skills:
 + Level 2.7 Fighting
 * Level 3.8 Long Blades
 - Level 1.7 Throwing
 + Level 1.4 Armour
 - Level 3.0 Dodging


You had 3 spell levels left.
You didn't know any spells.
Your spell library was empty.

Dungeon Overview and Level Annotations

Branches:
Dungeon (3/15)

Altars:


Innate Abilities, Weirdness & Mutations

A weak demonic guardian rushes to your aid.


Message History

You hear the brisk rusting of a distant drain.
The gnoll misses you.
You riposte.
You hit the gnoll.
The gnoll is moderately wounded.
The gnoll hits you. x2
You barely miss the gnoll.
The gnoll is severely wounded.
A frilled lizard comes into view.
The gnoll hits you. The gnoll closely misses you.
You closely miss the gnoll.
The gnoll is severely wounded.
The gnoll hits you. x2
You closely miss the gnoll.
The gnoll is severely wounded.
The gnoll misses you. The gnoll completely misses you. The gnoll hits you.
* * * LOW HITPOINT WARNING * * *
The frilled lizard hisses angrily.
You hit the gnoll.
The gnoll is heavily wounded.
The gnoll hits you!
You die...

...................#
#..#######.....##.##
#..............# .#
#..#.####..##..# .#
#..#.# #..##..# .#
.... # #..##..# .#
#..#. #..##..# .#
#..#.####..##..##.#
.........l.gg@.#
...####..##..####
#... #..##..# ....
...(.#..# ....
###....... #.#
#..###.## #+### #..#
#.# ....# #..# #.#
....+ ...#


You could see 2 gnolls and a frilled lizard.

Vanquished Creatures
  A gnoll (D:3)
  2 adders (D:2)
  An ooze (D:2)
  3 worms (D:2)
  A dart slug (D:2)
  3 leopard geckos
  An orc (D:2)
  3 giant cockroaches (D:1)
  4 hobgoblins
  4 jackals (D:2)
  4 kobolds
  3 ball pythons
  2 bats
  5 frilled lizards
  11 goblins
  2 rats (D:1)
50 creatures vanquished.

Notes
Turn   | Place    | Note
-------+----------+-------------------------------------------
     0 | D:1      | diana the Demonspawn Gladiator began the quest for the Orb.
     0 | D:1      | Reached XP level 1. HP: 16/16 MP: 1/1
   356 | D:1      | Gained mutation: A weak demonic guardian rushes to your
                  | aid. [demonic ancestry]
   356 | D:1      | Reached XP level 2. HP: 19/22 MP: 2/2
   954 | D:2      | Reached XP level 3. HP: 20/28 MP: 3/3
  1067 | D:2      | Reached skill level 1 in Armour
  1326 | D:2      | Found a faded altar of an unknown god.
  1464 | D:2      | Reached XP level 4. HP: 19/34 MP: 4/4
  2267 | D:3      | Slain by a gnoll

Skill      XL: |  1  2  3 |
---------------+----------+-----
Long Blades    | 3 |  3.8
Dodging        | 3 |  3.0
Armour         | 1 |  1.4
Fighting       | |  2.7
Throwing       | |  1.7

Action                   |  1- 3 |  4- 6 || total
-------------------------+-------+-------++-------
Melee: Long sword        |   119 |    25 ||   144
Throw: Throwing net      |     1 |       ||     1
  Use: Scroll            |     2 |     3 ||     5
 Stab: Sleeping          |       |     1 ||     1
  Eat: Chunk             |     1 |     2 ||     3
Armor: Leather armour    |    32 |     3 ||    35
Dodge: Dodged            |    76 |    33 ||   109
       Rpst.: Long sword |    24 |    12 ||    36
